Map: Eternal Empire LE

Players

Prasertwit (StriKE) - Winner!

  • Race: Terran Terran
  • Spawn Location: 1:00

Khun (Ranger)

  • Race: Protoss Protoss
  • Spawn Location: 7:00

Event: SEA Games 2019

VOD

https://youtu.be/p1-ngVIOMqg

Description

Time

  • Played on: Dec. 5, 2019, 8:26 p.m.
  • Length: 14:35

All games in this series

Show
View Real Time Build Order
Export as new Build Order

Prasertwit Terran - Winner!

Build Orders: Reaper Expand 

Get SALT Encoding   

  12  0:00  SCV  
  13  0:12  SCV  
  14  0:17  Supply Depot  
  14  0:24  SCV  
  15  0:38  SCV  
  15  0:39  Barracks  
  16  0:45  Refinery  
  16  0:50  SCV  
  17  1:02  SCV  
  18  1:15  SCV  
  19  1:27  Orbital Command  
  19  1:28  Reaper  
  20  1:43  Command Center  
  20  1:50  Supply Depot  
  20  1:59  Marine, SCV  
  22  2:08  Bunker  
  23  2:15  SCV  
  23  2:18  Factory  
  23  2:24  Barracks Reactor  
  23  2:27  SCV  
  24  2:34  Refinery  
  24  2:39  SCV  
  25  2:52  SCV  
  25  2:57  Orbital Command  
  26  3:00  Marine  
  26  3:01  Marine  
  26  3:03  Starport  
  26  3:04  SCV  
  29  3:08  Widow Mine  
  31  3:16  SCV  
  32  3:27  Marine x2  
  32  3:28  SCV  
  32  3:31  SCV  
  32  3:34  Widow Mine  
  38  3:36  Supply Depot  
  38  3:40  SCV  
  39  3:42  Medivac  
  39  3:44  SCV  
  42  3:50  Marine x2  
  46  3:55  Widow Mine  
  46  3:58  SCV  
  47  4:03  Barracks  
  47  4:04  SCV  
  47  4:10  Marine  
  47  4:11  Marine  
  49  4:18  Factory Tech Lab  
  49  4:20  Starport Tech Lab  
  49  4:22  Barracks, SCV x2  
  51  4:25  Supply Depot  
  51  4:28  Supply Depot  
  51  4:31  Marine x2  
  51  4:34  SCV  
  54  4:41  Supply Depot  
  54  4:43  Refinery  
  54  4:45  Engineering Bay  
  54  4:46  SCV  
  55  4:57  SCV  
  55  4:58  Marine x2  
  58  5:01  SCV  
  59  5:09  Marine  
  59  5:10  SCV  
  61  5:16  Marine  
  62  5:23  Marine  
  62  5:26  Starport Reactor, Factory Reactor  
  62  5:27  Marauder, Stimpack  
  64  5:33  Terran Infantry Weapons Level 1  
  64  5:34  Combat Shield  
  64  5:35  Marauder  
  66  5:36  Marine  
  66  5:40  SCV  
  68  5:43  SCV  
  68  5:45  Supply Depot  
  68  5:46  Supply Depot  
  68  5:48  Marauder  
  71  5:52  Marine  
  71  5:53  Command Center  
  71  5:54  Marine  
  71  5:55  Supply Depot  
  71  5:56  Supply Depot  
  71  5:57  Marauder  
  75  6:01  SCV  
  76  6:05  SCV  
  76  6:07  Medivac x2, Widow Mine x2  
  76  6:10  Refinery  
  85  6:12  Marauder, Marine  
  85  6:13  Marine  
  89  6:19  SCV  
  89  6:20  SCV  
  89  6:22  Marauder, Missile Turret  
  93  6:30  Marine  
  93  6:31  Marine  
  93  6:32  Widow Mine  
  96  6:33  Marauder  
  96  6:34  SCV  
  96  6:38  Supply Depot  
  99  6:43  Marauder  
  101  6:47  SCV  
  101  6:48  Marine  
  101  6:53  Missile Turret  
  101  6:54  Missile Turret  
  103  6:55  Marauder  
  105  7:04  Marine  
  105  7:05  Marauder, SCV  
  109  7:09  Barracks  
  109  7:10  Barracks  
  109  7:11  Supply Depot  
  109  7:17  Engineering Bay  
  109  7:18  Marine, Armory  
  109  7:19  Marauder  
  112  7:28  Terran Infantry Armor Level 1  
  98  7:48  Marine x2  
  98  7:49  Marauder  
  95  7:53  Marauder  
  95  7:54  Medivac x2, Widow Mine x2  
  92  8:06  Marine x2  
  92  8:10  Marauder, Barracks Tech Lab  
  92  8:11  Orbital Command  
  92  8:12  Terran Infantry Weapons Level 2  
  96  8:14  Terran Ship Weapons Level 1  
  96  8:15  Marauder  
  96  8:17  Widow Mine x2  
  96  8:19  Barracks Reactor  
  96  8:24  Marine x2  
  98  8:30  Medivac x2  
  98  8:31  Marauder  
  106  8:34  Marauder  
  106  8:35  Marine  
  106  8:38  Supply Depot  
  107  8:42  Marine  
  107  8:47  Marine  
  108  8:53  Marauder  
  110  9:04  Concussive Shells, Marine  
  110  9:05  Marauder  
  113  9:12  Marine  
  113  9:13  Medivac x2, Marauder  
  113  9:14  Marauder, Widow Mine x2  
  119  9:24  Marine  
  119  9:26  Marauder  
  119  9:29  Orbital Command  
  118  9:32  Marine  
  118  9:34  Marauder, SCV  
  118  9:35  Marauder, Widow Mine x2  
  118  9:37  Marine  
  128  9:47  Marauder  
  128  9:50  Marine  
  131  9:56  Marauder, Missile Turret  
  129  10:06  Viking  
  129  10:07  Viking  
  127  10:09  Terran Infantry Armor Level 2  
  127  10:10  Starport  
  125  10:20  Marine  
  125  10:21  Marauder  
  123  10:33  SCV x2  
  123  10:34  SCV  
  126  10:39  Marauder, Marine  
  126  10:41  Viking x2  
  133  10:43  Terran Infantry Weapons Level 3  
  133  10:45  SCV  
  134  10:52  Refinery, Ghost Academy  
  134  10:57  Refinery  
  134  10:59  Marine x2  
  134  11:00  Marauder x2, Viking x2  
  134  11:01  SCV  
  145  11:15  Marauder, Marine  
  125  11:28  Marauder, Marine, Viking  
  125  11:29  Viking  
  129  11:33  Marine  
  129  11:34  Marauder  
  132  11:42  Marauder, Marine  
  135  11:48  Marine  
  135  11:49  Marine  
  135  11:50  Marauder, Viking x2  
  135  11:51  Marine  
  142  11:55  Marauder  
  142  11:59  Marine  
  142  12:00  Liberator  
  140  12:03  Marauder  
  140  12:05  Marine  
  140  12:06  Marine, Viking  
  130  12:09  Marine  
  130  12:11  Marauder  
  129  12:16  Marauder, Liberator x2  
  129  12:17  Marine  
  133  12:23  Marine  
  133  12:25  Marauder  
  136  12:34  Supply Depot  
  127  12:50  Marauder  
  119  12:56  Marine  
  119  12:57  Marauder x2  
  122  12:59  Marine  
  122  13:00  SCV x3  
  120  13:11  Marauder  
  107  13:13  Marine  
  107  13:18  Marauder  
  107  13:19  Marauder, Marine x2  
  111  13:26  Marine  
  110  13:27  Medivac x3  
  110  13:31  Marine  
  110  13:32  Marauder  
  119  13:37  Marine  
  119  13:39  Marauder  
  119  13:41  Marauder, Marine  
  121  13:44  Marine  
  117  13:53  Marine  
  117  13:54  Marauder  
  117  13:55  Marine  
  119  13:59  Marine  
  119  14:01  Marauder  
  119  14:02  Marauder  
  121  14:03  Marine  
  116  14:11  Marine  
  116  14:13  Marine  
Show
View Real Time Build Order
Export as new Build Order

Khun Protoss 

Build Orders: 1 Gate Expand, Blink Stalkers 

Get SALT Encoding   

  12  0:00  Probe  
  13  0:12  Probe  
  14  0:18  Pylon  
  14  0:24  Probe (Chrono Boost)  
  15  0:36  Probe (Chrono Boost)  
  15  0:38  Gateway  
  16  0:45  Probe (Chrono Boost)  
  16  0:47  Assimilator  
  17  0:51  Probe  
  18  1:03  Probe  
  19  1:15  Probe  
  20  1:27  Nexus  
  20  1:36  Cybernetics Core  
  20  1:40  Assimilator  
  20  1:44  Probe  
  21  1:55  Pylon  
  21  1:56  Probe  
  22  2:08  Probe  
  23  2:10  Adept (Chrono Boost)  
  23  2:14  Warp Gate  
  25  2:20  Probe  
  26  2:32  Probe  
  26  2:33  Adept  
  29  2:40  Twilight Council  
  29  2:41  Probe (Chrono Boost)  
  29  2:45  Probe (Chrono Boost)  
  30  2:53  Probe (Chrono Boost)  
  30  2:56  Probe (Chrono Boost)  
  32  2:59  Probe (Chrono Boost)  
  32  3:01  Probe (Chrono Boost)  
  32  3:03  Sentry  
  36  3:08  Probe  
  36  3:11  Probe  
  38  3:19  Blink (Chrono Boost)  
  38  3:21  Probe  
  38  3:25  Gateway  
  39  3:29  Probe  
  40  3:35  Gateway  
  40  3:37  Robotics Facility  
  40  3:42  Pylon  
  40  3:43  Probe  
  40  3:44  Probe  
  43  3:55  Probe  
  43  3:56  Assimilator, Probe  
  44  4:03  Stalker  
  44  4:07  Probe  
  44  4:08  Shield Battery  
  48  4:15  Nexus  
  48  4:16  Probe  
  48  4:19  Probe  
  49  4:24  Observer (Chrono Boost)  
  49  4:29  Stalker  
  49  4:30  Stalker  
  54  4:36  Assimilator  
  54  4:38  Robotics Bay  
  54  5:00  Forge  
  54  5:03  Pylon  
  54  5:07  Pylon  
  54  5:11  Pylon  
  54  5:17  Probe x2  
  54  5:18  Observer (Chrono Boost)  
  54  5:20  Stalker x2  
  54  5:21  Stalker  
  51  5:29  Probe (Chrono Boost)  
  51  5:30  Probe (Chrono Boost)  
  54  5:35  Disruptor (Chrono Boost)  
  54  5:36  Probe (Chrono Boost)  
  54  5:40  Probe x2 (Chrono Boost)  
  59  5:44  Probe x3 (Chrono Boost)  
  62  5:56  Probe x2 (Chrono Boost)  
  65  6:00  Probe (Chrono Boost)  
  65  6:06  Probe x2 (Chrono Boost), Warp Prism (Chrono Boost)  
  65  6:08  Protoss Ground Weapons Level 1  
  65  6:09  Probe (Chrono Boost), Gravitic Drive  
  70  6:14  Probe  
  70  6:16  Probe  
  72  6:23  Probe  
  73  6:28  Probe  
  74  6:38  Colossus (Chrono Boost), Observer x2  
  81  6:47  Stalker x2  
  81  6:48  Stalker  
  86  6:54  Gateway  
  86  6:55  Gateway  
  86  6:56  Extended Thermal Lance  
  86  7:10  Stalker x2  
  89  7:18  Stalker  
  93  7:23  Pylon  
  93  7:25  Probe (Chrono Boost)  
  84  7:42  Zealot  
  77  7:55  Stalker x3  
  77  7:56  Stalker  
  77  7:57  Probe  
  75  8:03  Probe, Colossus (Chrono Boost)  
  75  8:05  Stalker  
  75  8:11  Robotics Facility  
  81  8:15  Probe  
  81  8:16  Dark Shrine  
  81  8:18  Stalker x2  
  81  8:19  Stalker  
  85  8:26  Nexus  
  85  8:30  Pylon  
  82  8:34  Stalker  
  82  8:40  Probe  
  82  8:41  Probe  
  86  8:53  Probe  
  86  8:54  Disruptor  
  90  8:57  Probe  
  89  9:16  Disruptor  
  92  9:18  Probe x2  
  90  9:30  Probe, Disruptor, Stalker x3  
  92  9:40  Stalker x2  
  92  9:41  Probe x2  
  92  9:42  Protoss Ground Armor Level 1 (Chrono Boost)  
  88  9:54  Stalker x3  
  94  10:03  Disruptor  
  94  10:04  Probe x3  
  100  10:16  Probe x3  
  103  10:28  Dark Templar x2  
  107  10:30  Zealot  
  107  10:32  Assimilator  
  107  10:34  Pylon  
  109  10:36  Assimilator, Pylon  
  109  10:44  Pylon  
  109  10:45  Pylon  
  109  10:47  Charge (Chrono Boost)  
  109  10:51  Disruptor  
  109  10:52  Probe x3  
  109  10:54  Forge  
  113  10:58  Disruptor  
  113  11:04  Probe x2  
  118  11:07  Stalker  
  109  11:29  Dark Templar  
  109  11:31  Stalker x2  
  109  11:32  Stalker  
  115  11:33  Probe x2  
  115  11:34  Probe  
  115  11:39  Gateway  
  118  11:41  Gateway  
  118  11:44  Disruptor  
  121  11:48  Photon Cannon  
  121  11:50  Photon Cannon  
  121  11:52  Pylon  
  117  12:05  Disruptor  
  117  12:07  Zealot x5  
  122  12:12  Templar Archives  
  120  12:20  Disruptor  
  123  12:28  Nexus  
  123  12:30  Pylon  
  123  12:40  Disruptor  
  106  12:56  Disruptor, Stalker x5  
  106  12:58  Sentry x2  
  83  13:26  Stalker x3  
  83  13:27  Stalker x2  
  84  13:28  Stalker x2  
  90  13:35  Disruptor  
  68  13:49  Pylon  
  68  13:50  Stalker x4  
  68  13:51  Probe, Stalker  
  72  13:56  Zealot  
  72  14:01  Zealot  
  59  14:13  Stalker  
  59  14:14  Stalker  
  44  14:25  Zealot x3  
  44  14:30  Dark Templar  
Tags
 
Add a new tag
Caveats
  • Supply blocks, unpowered buildings, or Contaminate may cause inaccurate times.
  • Supply counts are checked every 10 seconds.